Map: Invader LE

Players

Trigonal - Winner!

  • Race: Zerg Zerg
  • League: Gold

blackxored

  • Race: Zerg Zerg
  • League: Platinum

VOD

Have the link to the VOD?

Description

Time

  • Played on: June 29, 2016, 6:04 p.m.
  • Length: 11:00
Show
View Real Time Build Order
Export as new Build Order

Trigonal Zerg - Winner!

Build Orders: Pool First 

Get SALT Encoding   

  12  0:01  Drone  
  13  0:12  Drone  
  14  0:18  Overlord  
  14  0:37  Drone x3  
  17  0:45  Spawning Pool  
  17  0:48  Drone  
  17  1:10  Hatchery  
  16  1:17  Drone x2  
  18  1:21  Extractor  
  18  1:22  Drone  
  18  1:31  Drone  
  19  1:35  Queen  
  21  1:45  Overlord  
  21  1:53  Zergling x2  
  22  2:05  Zergling x2  
  23  2:20  Drone  
  23  2:22  Metabolic Boost  
  24  2:27  Drone  
  24  2:28  Queen, Drone  
  28  2:30  Queen  
  30  2:49  Drone x4  
  30  2:50  Drone x2  
  36  3:18  Overlord x3  
  36  3:22  Lair  
  36  3:25  Extractor  
  35  3:36  Baneling Nest, Extractor, Drone x2  
  35  3:37  Extractor, Drone x2  
  35  3:40  Drone x3  
  39  3:47  Zergling x2  
  39  3:48  Zergling x2  
  41  3:54  Zergling x8  
  45  4:09  Drone x4  
  49  4:22  Baneling  
  49  4:23  Baneling x2  
  46  4:54  Spire  
  46  4:56  Drone x8  
  53  5:13  Zergling x8  
  42  5:46  Drone x8  
  42  5:49  Overlord  
  50  6:10  Mutalisk x6  
  58  6:45  Mutalisk  
  58  6:46  Mutalisk x4  
  67  6:49  Overlord x4  
  67  7:07  Zergling x2  
  68  7:08  Zergling x4  
  68  7:09  Zergling x4  
  68  7:10  Hatchery  
  68  7:13  Hatchery  
  70  7:15  Baneling x2  
  63  7:47  Drone x2  
  63  7:48  Drone x7  
  63  7:49  Drone x2  
  74  7:56  Mutalisk  
  76  8:00  Zerg Flyer Armor Level 1  
  72  8:22  Mutalisk x6  
  82  8:43  Drone x7  
  82  8:44  Queen  
  91  9:00  Extractor  
  91  9:01  Extractor, Hatchery  
  87  9:16  Zergling x2  
  89  9:17  Zergling x12  
  89  9:18  Zergling x4  
  95  9:34  Zergling x4  
  95  9:36  Overlord x3  
  91  10:01  Mutalisk x9  
  91  10:02  Mutalisk x2  
  103  10:34  Drone  
  103  10:35  Drone x9  
Show
View Real Time Build Order
Export as new Build Order

blackxored Zerg 

Build Orders: Hatch First 

Get SALT Encoding   

  12  0:01  Drone  
  13  0:08  Drone  
  14  0:22  Overlord  
  14  0:23  Extractor  
  14  0:25  Drone  
  15  0:41  Drone x2  
  17  0:56  Drone  
  18  0:59  Drone, Hatchery  
  18  1:11  Extractor  
  18  1:15  Spawning Pool  
  18  1:18  Drone  
  17  1:20  Drone  
  18  1:27  Drone  
  19  1:39  Overlord  
  19  1:49  Drone  
  20  2:05  Zergling x2  
  20  2:06  Queen  
  23  2:12  Queen, Spine Crawler  
  23  2:13  Zergling x4  
  23  2:14  Metabolic Boost  
  26  2:23  Drone x2  
  28  2:32  Drone  
  28  2:35  Drone  
  30  2:41  Baneling Nest  
  30  2:42  Drone  
  30  2:49  Drone  
  31  2:59  Drone x2  
  32  3:17  Zergling x8  
  36  3:20  Hatchery  
  36  3:25  Baneling x3  
  36  3:26  Baneling  
  35  3:30  Overlord  
  35  3:31  Overlord  
  35  3:43  Drone  
  35  3:47  Baneling  
  35  3:53  Drone x3  
  35  3:54  Drone x5  
  43  4:00  Lair  
  43  4:03  Drone  
  43  4:09  Drone  
  45  4:13  Zergling x2  
  45  4:14  Zergling x4  
  48  4:22  Baneling x2  
  48  4:30  Drone  
  48  4:31  Extractor  
  47  4:32  Extractor  
  47  4:38  Drone x6  
  49  4:50  Zergling x2  
  49  4:51  Zergling x10  
  55  5:00  Zergling x6  
  58  5:09  Baneling  
  58  5:10  Baneling x2  
  58  5:11  Baneling x2  
  57  5:17  Overlord x2  
  57  5:26  Baneling x2  
  54  5:29  Extractor  
  54  5:31  Overlord x3  
  54  5:32  Overlord  
  53  5:36  Spire  
  52  5:48  Overlord x2  
  52  5:52  Drone x3  
  55  5:57  Spore Crawler  
  55  5:59  Drone x3  
  55  6:02  Drone  
  58  6:06  Hatchery  
  58  6:07  Overlord  
  58  6:09  Spore Crawler  
  56  6:22  Zergling x10  
  55  6:32  Hatchery  
  53  6:34  Zergling x8  
  55  6:49  Mutalisk x3  
  55  6:50  Mutalisk x3  
  55  6:52  Zerg Flyer Armor Level 1  
  67  6:54  Drone  
  68  7:05  Mutalisk  
  70  7:10  Mutalisk  
  72  7:24  Baneling x2  
  72  7:26  Mutalisk  
  65  7:45  Mutalisk x2  
  65  7:49  Queen  
  71  7:55  Overlord x2  
  71  7:57  Drone  
  71  7:58  Drone x5  
  77  7:59  Drone x2  
  79  8:12  Extractor  
  74  8:13  Extractor, Mutalisk x3  
  74  8:19  Drone x5  
  82  8:25  Mutalisk  
  72  8:34  Hatchery  
  72  8:39  Mutalisk x2  
  75  8:41  Queen  
  75  8:42  Queen  
  75  8:43  Zergling x6  
  75  8:44  Zergling x4  
  84  8:49  Drone x2  
  86  9:00  Zergling x4  
  86  9:12  Mutalisk  
  86  9:13  Mutalisk  
  90  9:17  Queen  
  90  9:22  Mutalisk x2  
  93  9:25  Queen  
  94  9:35  Mutalisk x2  
  94  9:36  Hatchery  
  96  9:42  Spore Crawler, Overseer  
  95  9:49  Mutalisk  
  89  9:53  Queen  
  89  9:58  Mutalisk  
  93  10:05  Drone  
  93  10:06  Drone x6  
  93  10:07  Drone  
  101  10:12  Drone x3  
  102  10:23  Extractor, Mutalisk x2  
  102  10:25  Zergling x2  
  102  10:27  Extractor  
  95  10:29  Drone  
  80  10:42  Drone x4  
Tags
 
Add a new tag
Caveats
  • Supply blocks, unpowered buildings, or Contaminate may cause inaccurate times.
  • Supply counts are checked every 10 seconds.